 Dungeon Crawl Stone Soup version 0.24.0-37-gcf1ca852f1 (webtiles) character file.

Game seed: 17085883790514509008, levelgen mode: deterministic

135 Descartes the Skirmisher (level 5, 0/42 HPs)
             Began as a Formicid Abyssal Knight on Nov 22, 2019.
             Was a Believer of Lugonu.
             Succumbed to a kobold's poison
             ... on level 3 of the Dungeon.
             The game lasted 00:09:33 (2577 turns).

Descartes the Skirmisher (Formicid Abyssal Knight)  Turns: 2577, Time: 00:09:34

Health: 0/42       AC: 10    Str: 16    XL:     5   Next: 41%
Magic:  7/7        EV: 10    Int: 13    God:    Lugonu [**....]
Gold:   177        SH: 12    Dex: 15    Spells: 3/5 levels left

rFire    . . .     SeeInvis +   a - +1 hand axe
rCold    + . .     Gourm    .   n - +0 large shield
rNeg     . . .     Faith    .   u - +3 scale mail
rPois    .         Spirit   .   (helmet unavailable)
rElec    .         Reflect  .   d - +0 cloak
rCorr    .         Harm     .   (no gloves)
MR       .....                  (no boots)
Stlth    +.........             (no amulet)
HPRegen  0.14/turn              r - ring of protection from cold
MPRegen  0.10/turn              (no ring)

@: agile, lethally poisoned (0 -> -12), flying
A: permanent stasis, dig shafts and tunnels, four strong arms, antennae 3
a: Dig, Shaft Self, Depart the Abyss, Bend Space, Renounce Religion


You were on level 3 of the Dungeon.
You worshipped Lugonu.
Lugonu was pleased with you.
You were not hungry.

You visited 1 branch of the dungeon, and saw 3 of its levels.
You visited the Abyss 1 time.

You collected 177 gold pieces.

Inventory:

Hand Weapons
 a - a +1 hand axe (weapon)
Missiles
 e - 33 arrows
 f - 7 atropa-tipped darts (quivered)
 m - 20 stones
Armour
 b - a +0 leather armour
 d - a +0 cloak (worn)
 n - a +0 large shield (worn)
 q - a +0 ring mail
 u - a +3 scale mail (worn)
Jewellery
 r - a ring of protection from cold (left hand)
Scrolls
 g - 2 scrolls of remove curse {unknown}
 h - 2 scrolls of immolation {unknown}
 i - 3 scrolls of teleportation
 j - a scroll of random uselessness {unknown}
 k - a scroll of fog {unknown}
 l - 2 scrolls of identify
 p - a scroll of magic mapping {unknown}
 t - a scroll of noise {unknown}
Comestibles
 c - 6 rations
 s - 2 chunks of flesh


   Skills:
 + Level 4.1 Fighting
 + Level 2.5 Axes
 + Level 2.8 Armour
 + Level 1.3 Dodging
 * Level 2.3 Shields
 + Level 0.7 Spellcasting
 - Level 0.2 Air Magic
 + Level 1.2 Poison Magic
 + Level 2.8 Invocations


You had 3 spell levels left.
You knew the following spells:

 Your Spells              Type           Power        Failure   Level  Hunger
a - Poisonous Vapours     Pois/Air       #.....       100%        2    ###....

Your spell library contained the following spells:

 Spells                   Type           Power        Failure   Level  Hunger
 Conjure Flame            Conj/Fire      #.......     100%        3    ####...
 Mephitic Cloud           Conj/Pois/Air  #.......     100%        3    ####...
 Freezing Cloud           Conj/Ice/Air   #.........   100%        6    #######
 Ring of Flames           Chrm/Fire      #.........   100%        7    #######


Dungeon Overview and Level Annotations

Branches:
Dungeon (3/15)

Altars:
Kikubaaqudgha


Innate Abilities, Weirdness & Mutations

You cannot be hasted, slowed, berserked, paralysed or teleported.
You can dig through walls and to a lower floor.
Your four strong arms can wield two-handed weapons with a shield.
You have a pair of large antennae on your head. (SInv)


Message History

The adder completely misses you. You block the adder's attack.
You slash the adder!
You kill the adder!
Lugonu accepts your kill.
* * * LOW HITPOINT WARNING * * *
You feel sick.
It was a potion of flight.
You feel very buoyant.
You fly up into the air.
* * * LOW HITPOINT WARNING * * *
You feel sick.
It was a potion of agility.
You feel agile all of a sudden.
* * * LOW HITPOINT WARNING * * *
You feel sick.
You aren't carrying any potions.
As you read the scroll labeled ILEBRO HEQA, it crumbles to dust.
It is a scroll of identify.
i - 3 scrolls of teleportation You die...

##..####.#......
#..........####..##
#..........# { ...+
#..........#{{ .⌠.# #
#..........# ...####.#
#..........#####......
#...........#..#....
#########...#..)†.#
#..P####@.#
#...#.)'..#
#...#..#..####.#
#..P####.......#
#..............#
#..............#
################


There were no monsters in sight!

Vanquished Creatures
  An orc wizard (D:3)
  3 adders
  2 oozes
  3 worms (D:2)
  3 dart slugs
  A leopard gecko (D:3)
  4 orcs (D:3)
  A ball python (D:1)
  3 giant cockroaches
  7 goblins
  4 hobgoblins
  2 quokkas
  9 bats
  7 frilled lizards
  4 kobolds
  4 rats
58 creatures vanquished.

Notes
Turn   | Place    | Note
-------+----------+-------------------------------------------
     0 | Abyss:1  | Descartes the Formicid Abyssal Knight began the quest for
                  | the Orb.
     0 | Abyss:1  | Reached XP level 1. HP: 18/18 MP: 2/2
   112 | Abyss:3  | Noticed a large abomination
   129 | Abyss:3  | Noticed a chaos spawn
   130 | D:1      | Escaped the Abyss
   287 | D:1      | Reached XP level 2. HP: 24/24 MP: 3/3
   349 | D:1      | Reached * piety under Lugonu
   529 | D:1      | Reached skill level 1 in Dodging
   657 | D:1      | Reached XP level 3. HP: 24/30 MP: 4/4
   661 | D:1      | Learned a level 2 spell: Poisonous Vapours
  1208 | D:2      | Found an ancient bone altar of Kikubaaqudgha.
  1233 | D:2      | Reached skill level 4 in Fighting
  1233 | D:2      | Reached skill level 1 in Shields
  1233 | D:2      | Reached XP level 4. HP: 19/37 MP: 5/5
  2284 | D:3      | Reached ** piety under Lugonu
  2308 | D:3      | Reached skill level 1 in Poison Magic
  2339 | D:3      | Reached XP level 5. HP: 34/42 MP: 6/6
  2575 | D:3      | HP: 2/42 [poisoned by a kobold]
  2577 | D:3      | Succumbed to a kobold's poison

Levels and vault maps discovered:
D:1:      onia_arrival_pyramid, layout_loops_corners, grunt_decor_mini_mirrors
D:2:      layout_basic, lemuel_round_altar
D:3:      corexii_shack_village, layout_rooms, lemuel_doored_altar,
          marbit_many_paths

Skill      XL: |  1  2  3  4 |
---------------+-------------+-----
Dodging        | 1 |  1.3
Fighting       | 4 |  4.1
Shields        | 1 2 |  2.3
Poison Magic   | 1 |  1.2
Axes           | |  2.5
Armour         | |  2.8
Spellcasting   | |  0.7
Air Magic      | |  0.2
Invocations    | |  2.8

Action                   |  1- 3 |  4- 6 || total
-------------------------+-------+-------++-------
Melee: Hand axe          |    91 |   110 ||   201
Invok: Depart the Abyss  |     1 |       ||     1
 Abil: Dig               |       |     1 ||     1
  Use: Potion            |       |     2 ||     2
       Scroll            |       |     1 ||     1
  Eat: Chunk             |     1 |     5 ||     6
Armor: Leather armour    |    33 |     2 ||    35
       Ring mail         |       |    37 ||    37
       Scale mail        |       |     9 ||     9
Dodge: Dodged            |    51 |    22 ||    73
Block: Large shield      |    31 |    74 ||   105
